TOP OF THE 1ST |
---|
Las Vegas Stars batting - Pitching for Spokane Trappers : LHP Halewijn Tipping | Pitching: LHP Halewijn Tipping | | Batting: RHB Gilberto Silva | 0-0: Ball 1-0: SOLO HOME RUN (Flyball, 9LD), Distance : 349 ft | Batting: RHB Brandon Pope | 0-0: Ball 1-0: Called Strike 1-1: SINGLE (Line Drive, 89S) | Batting: RHB José García | 0-0: Foul Ball, location: 2F 0-1: Called Strike 0-2: Foul Ball, location: 2F 0-2: Foul Ball, location: 2F 0-2: Strikes out swinging | Batting: SHB Richard Griffin | 0-0: Swinging Strike 0-1: Called Strike 0-2: Ball 1-2: Ball 2-2: Fly out, F3 (Popup, 23F) | Batting: RHB Juan Valverde | 0-0: Foul Ball, location: 2F 0-1: Ball 1-1: Foul Ball, location: 2F 1-2: Ground out 4-3 (Groundball, 34) | Top of the 1st over - 1 run, 2 hits, 0 errors, 1 left on base; Las Vegas 1 - Spokane 0 | BOTTOM OF THE 1ST |
---|
Spokane Trappers batting - Pitching for Las Vegas Stars : RHP Alberto Márquez | Pitching: RHP Alberto Márquez | | Batting: RHB José Aguilera | 0-0: Ball 1-0: Foul Ball, location: 2F 1-1: Foul Ball, location: 2F 1-2: Ball 2-2: Ball 3-2: Foul Ball, location: 2F 3-2: DOUBLE (Flyball, 8RXD) | Batting: LHB Willie Wallace | 0-0: Ball 1-0: Ball 2-0: Ball 3-0: Fly out, F9 (Line Drive, 9S) | Batting: LHB Ray Bryant | 0-0: Ball Passed Ball! José Aguilera to third 1-0: Ball 2-0: Foul Ball, location: 2F 2-1: Foul Ball, location: 2F 2-2: Ball 3-2: Strikes out looking | Batting: SHB Mark Wells | 0-0: Swinging Strike 0-1: Ball 1-1: Ball 2-1: Foul Ball, location: 2F 2-2: Ball 3-2: Foul Ball, location: 2F 3-2: Foul Ball, location: 2F 3-2: Strikes out looking | Bottom of the 1st over - 0 runs, 1 hit, 0 errors, 1 left on base; Las Vegas 1 - Spokane 0 | TOP OF THE 2ND |
---|
Las Vegas Stars batting - Pitching for Spokane Trappers : LHP Halewijn Tipping | Batting: RHB Zhong Shui | 0-0: Ball 1-0: Ground out 5-3 (Groundball, 5) | Batting: RHB Francisco Rincón | 0-0: Called Strike 0-1: Swinging Strike 0-2: Ball 1-2: Ball 2-2: Ball 3-2: Foul Ball, location: 2F 3-2: Foul Ball, location: 2F 3-2: Strikes out looking | Batting: RHB León Rivera | 0-0: Ball 1-0: Foul Ball, location: 2F 1-1: Ball 2-1: Foul Ball, location: 2F 2-2: Strikes out swinging | Top of the 2nd over - 0 runs, 0 hits, 0 errors, 0 left on base; Las Vegas 1 - Spokane 0 | BOTTOM OF THE 2ND |
---|
Spokane Trappers batting - Pitching for Las Vegas Stars : RHP Alberto Márquez | Batting: RHB José Herrera | 0-0: Ball 1-0: SINGLE (Groundball, 6MD) | Batting: RHB Gustavo Ortíz | 0-0: Ball José Herrera steals 2nd base 1-0: Ball 2-0: Ball Wild Pitch! José Herrera to third 3-0: Called Strike 3-1: Base on Balls | Batting: LHB John Cotton | 0-0: Called Strike 0-1: Called Strike 0-2: SINGLE (Line Drive, 89S) José Herrera scores Gustavo Ortíz to second | Batting: LHB Tommy Evans | 0-0: Called Strike 0-1: Ball 1-1: Called Strike 1-2: Ball 2-2: Strikes out swinging | Batting: RHB Trent Rasmussen | 0-0: Called Strike 0-1: Ball 1-1: Ball 2-1: Ball 3-1: Base on Balls Gustavo Ortíz to third John Cotton to second | Batting: RHB José Aguilera | 0-0: Ball 1-0: Foul Ball, location: 2F 1-1: Swinging Strike 1-2: Ball 2-2: Ball 3-2: SINGLE (Line Drive, 8RS) Gustavo Ortíz scores John Cotton to third Trent Rasmussen to second | Batting: LHB Willie Wallace | 0-0: Foul Ball, location: 2F 0-1: Ball 1-1: Ball 2-1: Ball 3-1: Fly out, F9 (Flyball, 89D) Runner from 3rd tags up, SCORES, no throw | Batting: LHB Ray Bryant | 0-0: Foul Ball, location: 2F 0-1: Ball 1-1: SINGLE (Flyball, 7S) Trent Rasmussen to third José Aguilera to second | Batting: SHB Mark Wells | 0-0: Called Strike 0-1: Ball 1-1: Swinging Strike 1-2: Ball 2-2: Strikes out swinging | Bottom of the 2nd over - 3 runs, 4 hits, 0 errors, 3 left on base; Las Vegas 1 - Spokane 3 | TOP OF THE 3RD |
---|
Las Vegas Stars batting - Pitching for Spokane Trappers : LHP Halewijn Tipping | Batting: RHB Fernando Bórquez | 0-0: Ball 1-0: Ball 2-0: Called Strike 2-1: Ball 3-1: Foul Ball, location: 2F 3-2: Base on Balls | Batting: RHB Gilberto Silva | 0-0: Ball Fernando Bórquez is caught stealing 2nd base 1-0: Called Strike 1-1: SINGLE (Line Drive, 89S) | Batting: RHB Brandon Pope | 0-0: Swinging Strike 0-1: Swinging Strike 0-2: Fly out, F9 (Flyball, 89M) | Batting: RHB José García | 0-0: Called Strike 0-1: Ball 1-1: Ball 2-1: Foul Ball, location: 2F 2-2: Ball Gilberto Silva steals 2nd base 3-2: Foul Ball, location: 2F 3-2: Ground out 6-3 (Groundball, 6) | Top of the 3rd over - 0 runs, 1 hit, 0 errors, 1 left on base; Las Vegas 1 - Spokane 3 | BOTTOM OF THE 3RD |
---|
Spokane Trappers batting - Pitching for Las Vegas Stars : RHP Alberto Márquez | Batting: RHB José Herrera | 0-0: Ball 1-0: Swinging Strike 1-1: Ball 2-1: Called Strike 2-2: Fly out, F6 (Line Drive, 6) | Batting: RHB Gustavo Ortíz | 0-0: Foul Ball, location: 2F 0-1: Foul Ball, location: 2F 0-2: Ball 1-2: Strikes out looking | Batting: LHB John Cotton | 0-0: Ball 1-0: Swinging Strike 1-1: SINGLE (Groundball, 4S) (infield hit) | Batting: LHB Tommy Evans | 0-0: Ball 1-0: Called Strike 1-1: Ball 2-1: Ball 3-1: SINGLE (Line Drive, 6D) John Cotton to second | Pitching: RHP Blake Koepke | | Batting: RHB Trent Rasmussen | 0-0: Fly out, F7 (Flyball, 7D) | Bottom of the 3rd over - 0 runs, 2 hits, 0 errors, 2 left on base; Las Vegas 1 - Spokane 3 | TOP OF THE 4TH |
---|
Las Vegas Stars batting - Pitching for Spokane Trappers : LHP Halewijn Tipping | Batting: SHB Richard Griffin | 0-0: Ball 1-0: Called Strike 1-1: Swinging Strike 1-2: Strikes out swinging | Batting: RHB Juan Valverde | 0-0: Ball 1-0: Fly out, F2 (Popup, 5SF) | Batting: RHB Zhong Shui | 0-0: Called Strike 0-1: Swinging Strike 0-2: Strikes out looking | Top of the 4th over - 0 runs, 0 hits, 0 errors, 0 left on base; Las Vegas 1 - Spokane 3 | BOTTOM OF THE 4TH |
---|
Spokane Trappers batting - Pitching for Las Vegas Stars : RHP Blake Koepke | Batting: RHB José Aguilera | 0-0: Called Strike 0-1: Ball 1-1: Ball 2-1: Foul Ball, location: 2F 2-2: Ball 3-2: SINGLE (Groundball, 56D) | Batting: LHB Willie Wallace | 0-0: Ball 1-0: Ball Wild Pitch! José Aguilera to second 2-0: Called Strike 2-1: Foul Ball, location: 2F 2-2: Strikes out swinging | Batting: LHB Ray Bryant | 0-0: Swinging Strike 0-1: Called Strike 0-2: Ball 1-2: Foul Ball, location: 2F 1-2: Ball 2-2: Foul Ball, location: 2F 2-2: Ball 3-2: Foul Ball, location: 2F 3-2: Strikes out swinging | Batting: SHB Mark Wells | 0-0: Foul Ball, location: 2F 0-1: Ground out U3 (Groundball, 3) | Bottom of the 4th over - 0 runs, 1 hit, 0 errors, 1 left on base; Las Vegas 1 - Spokane 3 | TOP OF THE 5TH |
---|
Las Vegas Stars batting - Pitching for Spokane Trappers : LHP Halewijn Tipping | Batting: RHB Francisco Rincón | 0-0: Ball 1-0: Ground out 4-3 (Groundball, 4S) | Batting: RHB León Rivera | 0-0: Ball 1-0: Ball 2-0: Ball 3-0: Base on Balls | Batting: RHB Fernando Bórquez | 0-0: Ball 1-0: Ball 2-0: Foul Ball, location: 2F 2-1: Ball 3-1: Swinging Strike 3-2: Foul Ball, location: 2F 3-2: Ground out 3-1 (Groundball, 34) León Rivera to second | Batting: RHB Gilberto Silva | 0-0: Swinging Strike 0-1: SINGLE (Line Drive, 34) León Rivera to third Runner from 3rd tries for Home, SAFE, no throw | Batting: RHB Brandon Pope | 0-0: Called Strike 0-1: Ball 1-1: Swinging Strike 1-2: Strikes out swinging | Top of the 5th over - 1 run, 1 hit, 0 errors, 1 left on base; Las Vegas 2 - Spokane 3 | BOTTOM OF THE 5TH |
---|
Spokane Trappers batting - Pitching for Las Vegas Stars : RHP Blake Koepke | Batting: RHB José Herrera | 0-0: Called Strike 0-1: Called Strike 0-2: Foul Ball, location: 2F 0-2: Ball 1-2: Ball 2-2: Strikes out swinging | Batting: RHB Gustavo Ortíz | 0-0: Swinging Strike 0-1: SINGLE (Groundball, 4MD) | Batting: LHB John Cotton | 0-0: Ball 1-0: SINGLE (Groundball, 4M) (infield hit) Gustavo Ortíz to second | Batting: LHB Tommy Evans | 0-0: Ball 1-0: Ball 2-0: Called Strike 2-1: Ball 3-1: DOUBLE (Line Drive, 78XD) Gustavo Ortíz scores John Cotton to third | Batting: RHB Trent Rasmussen | 0-0: Ball 1-0: DOUBLE (Line Drive, 7D) John Cotton scores Tommy Evans scores | Batting: RHB José Aguilera | 0-0: Called Strike 0-1: Ball 1-1: Ball 2-1: Ground out 6-3 (Groundball, 56) | Batting: LHB Willie Wallace | 0-0: Ball 1-0: Called Strike 1-1: DOUBLE (Line Drive, 7LD) Trent Rasmussen scores | Batting: LHB Ray Bryant | 0-0: Ball 1-0: Ball 2-0: Called Strike 2-1: Called Strike 2-2: Ball 3-2: Base on Balls | Batting: SHB Mark Wells | 0-0: Called Strike 0-1: Swinging Strike 0-2: Ball 1-2: Ball 2-2: Foul Ball, location: 2F 2-2: Strikes out swinging | Bottom of the 5th over - 4 runs, 5 hits, 0 errors, 2 left on base; Las Vegas 2 - Spokane 7 | TOP OF THE 6TH |
---|
Las Vegas Stars batting - Pitching for Spokane Trappers : LHP Halewijn Tipping | Pitching: RHP Jing-xiang Fa | | Batting: RHB José García | 0-0: Ground out 1-3 (Groundball, 13) | Batting: SHB Richard Griffin | 0-0: Ball 1-0: Swinging Strike 1-1: Foul Ball, location: 2F 1-2: Foul Ball, location: 2F 1-2: Foul Ball, location: 2F 1-2: Foul Ball, location: 2F 1-2: Strikes out swinging | Batting: RHB Juan Valverde | 0-0: Fly out, F8 (Flyball, 8LS) | Top of the 6th over - 0 runs, 0 hits, 0 errors, 0 left on base; Las Vegas 2 - Spokane 7 | BOTTOM OF THE 6TH |
---|
Spokane Trappers batting - Pitching for Las Vegas Stars : RHP Blake Koepke | Batting: RHB José Herrera | 0-0: Ball 1-0: Ball 2-0: Fly out, F9 (Flyball, 89M) | Batting: RHB Gustavo Ortíz | 0-0: Called Strike 0-1: Fly out, F7 (Flyball, 7LSF) | Batting: LHB John Cotton | 0-0: Ball 1-0: Ball 2-0: Ball 3-0: Called Strike 3-1: Called Strike 3-2: SINGLE (Groundball, 6M) (infield hit) | Batting: LHB Tommy Evans | 0-0: Called Strike 0-1: Ground out 4-3 (Groundball, 4M) | Bottom of the 6th over - 0 runs, 1 hit, 0 errors, 1 left on base; Las Vegas 2 - Spokane 7 | TOP OF THE 7TH |
---|
Las Vegas Stars batting - Pitching for Spokane Trappers : RHP Jing-xiang Fa | Batting: RHB Zhong Shui | 0-0: Ball 1-0: Called Strike 1-1: Called Strike 1-2: Foul Ball, location: 2F 1-2: SINGLE (Line Drive, 78M) | Batting: RHB Francisco Rincón | 0-0: Called Strike 0-1: Ball 1-1: Ball 2-1: Reached on error, E8 (Flyball, 8RD) Zhong Shui to second | Batting: RHB León Rivera | 0-0: Swinging Strike 0-1: Ball 1-1: Grounds into double play, 6-4-3 (Groundball, 6) Zhong Shui to third | Batting: RHB Fernando Bórquez | 0-0: Ball 1-0: Called Strike 1-1: Ball 2-1: Foul Ball, location: 2F 2-2: Ball 3-2: Fly out, F9 (Flyball, 89S) | Top of the 7th over - 0 runs, 1 hit, 1 error, 1 left on base; Las Vegas 2 - Spokane 7 | BOTTOM OF THE 7TH |
---|
Spokane Trappers batting - Pitching for Las Vegas Stars : RHP Blake Koepke | Batting: RHB Trent Rasmussen | 0-0: Called Strike 0-1: Ball 1-1: Foul Ball, location: 2F 1-2: Strikes out swinging | Batting: RHB José Aguilera | 0-0: Swinging Strike 0-1: Called Strike 0-2: Fly out, F8 (Line Drive, 78XD) | Batting: LHB Willie Wallace | 0-0: Called Strike 0-1: Reached on error, E6 (Groundball, 6) | Batting: LHB Ray Bryant | 0-0: Foul Ball, location: 2F 0-1: Ball 1-1: Ball 2-1: Ball 3-1: Called Strike 3-2: Fly out, F9 (Flyball, 9) | Bottom of the 7th over - 0 runs, 0 hits, 1 error, 1 left on base; Las Vegas 2 - Spokane 7 | TOP OF THE 8TH |
---|
Las Vegas Stars batting - Pitching for Spokane Trappers : RHP Jing-xiang Fa | Now at C: António Martínez | | Now in RF: Héctor Rentería | | Batting: RHB Gilberto Silva | 0-0: Ball 1-0: Foul Ball, location: 2F 1-1: Ball 2-1: Ball 3-1: Ground out 6-3 (Groundball, 56D) | Batting: RHB Brandon Pope | 0-0: Ball 1-0: SINGLE (Flyball, 9LS) | Batting: RHB José García | 0-0: Called Strike 0-1: Ball 1-1: Fly out, F3 (Popup, 23) | Batting: SHB Richard Griffin | 0-0: Ball 1-0: Ball 2-0: Foul Ball, location: 2F 2-1: Ball 3-1: Foul Ball, location: 2F 3-2: DOUBLE (Line Drive, 78M) Brandon Pope to third Brandon Pope scores | Batting: RHB Juan Valverde | 0-0: Swinging Strike 0-1: Ball 1-1: Foul Ball, location: 2F 1-2: Ball 2-2: Foul Ball, location: 2F 2-2: Foul Ball, location: 2F 2-2: Ground out 4-3 (Groundball, 4M) | Top of the 8th over - 1 run, 2 hits, 0 errors, 1 left on base; Las Vegas 3 - Spokane 7 | BOTTOM OF THE 8TH |
---|
Spokane Trappers batting - Pitching for Las Vegas Stars : RHP Blake Koepke | Pitching: RHP José Becerra | | Batting: SHB Mark Wells | 0-0: Ball 1-0: Ball 2-0: Ball 3-0: Called Strike 3-1: SINGLE (Line Drive, 8LS) | Batting: RHB José Herrera | 0-0: Ball 1-0: Ground out 5-3 (Groundball, 56S) Mark Wells to second | Batting: RHB Gustavo Ortíz | 0-0: Intentional Walk | Pitching: LHP Justin Short | | Batting: LHB John Cotton | 0-0: Called Strike Mark Wells steals 3rd base Gustavo Ortíz to second 0-1: DOUBLE (Flyball, 89D) Mark Wells scores Gustavo Ortíz scores | Batting: LHB Tommy Evans | 0-0: Fly out, F9 (Flyball, 9S) | Pitching: RHP António Benítez | | Batting: RHB António Martínez | 0-0: Swinging Strike 0-1: Foul Ball, location: 2F 0-2: Ground out 5-3 (Groundball, 56) | Bottom of the 8th over - 2 runs, 2 hits, 0 errors, 1 left on base; Las Vegas 3 - Spokane 9 | TOP OF THE 9TH |
---|
Las Vegas Stars batting - Pitching for Spokane Trappers : RHP Jing-xiang Fa | Now in LF: Enrique Mendoza | | Batting: RHB Zhong Shui | 0-0: SINGLE (Flyball, 34D) | Batting: RHB Francisco Rincón | 0-0: Called Strike 0-1: Grounds into double play, 6-4-3 (Groundball, 6D) | Batting: RHB León Rivera | 0-0: Called Strike 0-1: Ball 1-1: Ground out 5-3 (Groundball, 56) | Top of the 9th over - 0 runs, 1 hit, 0 errors, 0 left on base; Las Vegas 3 - Spokane 9 | |